General information
			
			
        
        - name: GRUDGE
 
        - type: Custom game
 
        - host: BEAR_AND
 
        - saver: BEAR_AND
 
        
map: RoadToStratholme 
        - players: 7
 
        - length: 14:38
 
        - speed: Fast
 - version: 1.22 W3XP
 - replay type:  

 
» download(61 KB)
Players
        team 1 (loser) 
              
              
» 
timG4strok (
red | 148 APM | 2164 actions | 14:37)
              
 3 Blademaster 
 2 Wind Walk
 1 Critical Strike
 4 Shadow Hunter 
 2 Hex
 2 Healing Wave
 
                » actions 
                
                | Assign group hotkey | 24 |  | 
| Basic commands | 38 |  | 
| Build / train | 52 |  | 
| ESC pressed | 3 |  | 
| Enter build submenu | 17 |  | 
| Enter hero's abilities submenu | 7 |  | 
| Give item / drop item | 2 |  | 
| Right click | 999 |  | 
| Select / deselect | 202 |  | 
| Select group hotkey | 732 |  | 
| Use ability | 88 |  | 
                2164 total
 » units 
                
                | Peon | 9 |  | 
| Grunt | 5 |  | 
| Raider | 6 |  | 
| Spirit Walker | 5 |  | 
| Forest Troll Shadow Priest | 1 |  | 
| Troll Batrider | 1 |  | 
| Kodo Beast | 1 |  | 
                28 total
 » upgrades
                
                | Berserker Strength | 1 |  | 
| Ensnare | 1 |  | 
| Spirit Walker Training | 1 |  | 
                3 total
 » buildings
                
                | Altar of Storms | 1 |  | 
| Orc Burrow | 6 |  | 
| Barracks | 1 |  | 
| Stronghold | 1 |  | 
| Voodoo Lounge | 1 |  | 
| Spirit Lodge | 1 |  | 
| Beastiary | 1 |  | 
| War Mill | 1 |  | 
| Great Hall | 1 |  | 
| Fortress | 1 |  | 
                15 total
 » build order
                00:02 Altar of Storms
00:14 Orc Burrow
00:39 Barracks
01:27 Orc Burrow
02:51 Stronghold
03:10 Orc Burrow
03:44 Voodoo Lounge
05:17 Spirit Lodge
05:20 Beastiary
05:55 Orc Burrow
09:24 Orc Burrow
10:23 War Mill
11:16 Great Hall
12:03 Fortress
12:05 Orc Burrow
» items
                
                | Lesser Clarity Potion | 2 |  | 
| Healing Salve | 4 |  | 
| Scroll of Speed | 1 |  | 
| Potion of Mana | 1 |  | 
| Potion of Healing | 1 |  | 
                9 total
  
               team 2 (winner) 
              
              
1st_Panzer_Div. (
purple | 131 APM | 1912 actions | 14:38)
              
 5 Death Knight 
 3 Death Coil
 1 Unholy Aura
 1 Death Pact
 3 Lich 
 2 Frost Armor
 1 Frost Nova
 
                » actions 
                
                | Assign group hotkey | 246 |  | 
| Basic commands | 290 |  | 
| Build / train | 49 |  | 
| ESC pressed | 1 |  | 
| Enter build submenu | 17 |  | 
| Enter hero's abilities submenu | 9 |  | 
| Give item / drop item | 4 |  | 
| Right click | 301 |  | 
| Select / deselect | 305 |  | 
| Select group hotkey | 603 |  | 
| Use ability | 87 |  | 
                1912 total
 » units 
                
                | Acolyte | 5 |  | 
| Ghoul | 7 |  | 
| Crypt Fiend | 5 |  | 
| Obsidian Statue | 2 |  | 
| Necromancer | 3 |  | 
| Banshee | 2 |  | 
| Mud Golem | 1 |  | 
                25 total
 » upgrades
                
                | Creature Attack | 1 |  | 
| Unholy Strength | 1 |  | 
| Necromancer Training | 1 |  | 
| Unholy Armor | 1 |  | 
| Skeletal Longevity | 1 |  | 
                5 total
 » buildings
                
                | Crypt | 1 |  | 
| Ziggurat | 5 |  | 
| Altar of Darkness | 1 |  | 
| Graveyard | 1 |  | 
| Tomb of Relics | 1 |  | 
| Nerubian Tower | 1 |  | 
| Halls of the Dead | 1 |  | 
| Temple of the Damned | 1 |  | 
| Slaughterhouse | 1 |  | 
| Sacrificial Pit | 1 |  | 
| Black Citadel | 1 |  | 
                15 total
 » build order
                00:10 Crypt
00:17 Ziggurat
00:49 Altar of Darkness
01:08 Graveyard
01:36 Tomb of Relics
02:14 Ziggurat
02:20 Nerubian Tower
04:32 Halls of the Dead
05:02 Ziggurat
05:40 Ziggurat
07:08 Temple of the Damned
07:10 Slaughterhouse
07:45 Sacrificial Pit
09:18 Ziggurat
12:58 Black Citadel
» items
                
                | Rod of Necromancy | 2 |  | 
| Dust of Appearance | 1 |  | 
| Scroll of Town Portal | 1 |  | 
| Scroll of Protection | 1 |  | 
| Potion of Lesser Invulnerability | 1 |  | 
                6 total
  
               observersBEAR_AND, 
SethX, 
Mr.Wookums, 
bLinn, 
iggy_the_fisk Chat log
          (00:05 / All) 1st_Panzer_Div.: random?
(00:21 / All) timG4strok: how do you feel about undead mirror
(00:29 / All) timG4strok: can undead stand up to it's own imbalance.
(00:31 / All) 1st_Panzer_Div.: probably my worst duh
(00:35 / All) 1st_Panzer_Div.: I can't be imba vs him
(00:39 / Observers) Mr.Wookums: they grudge before in this same matchup right?
(00:44 / Observers) Mr.Wookums: grudged
(00:49 / Observers) BEAR_AND: don't remember, was like a year ago
(01:30 / Observers) bLinn: clan Booly.. boolean
(01:42 / All) 1st_Panzer_Div.: hm
(01:54 / All) timG4strok: im the undead that hates lumber that's me.
(02:06 / All) 1st_Panzer_Div.: no you're an orc, it's totally underbalanced
(02:10 / All) timG4strok: yeah
(02:15 / All) timG4strok: ty for understanding
(02:16 / Observers) SethX: he should go hh
(02:17 / All) 1st_Panzer_Div.: worst race in the game
(02:22 / All) timG4strok: seriously they are
(02:31 / All) 1st_Panzer_Div.: I'll have to commit suicide when you win
(02:31 / Observers) SethX: then i'd respect him more
(02:37 / All) timG4strok: doubt it
(02:43 / All) 1st_Panzer_Div.: just beat myself?
(03:53 / All) timG4strok: fuck that i look away 1 second
(04:04 / All) 1st_Panzer_Div.: sorry it's my fault
(04:08 / All) 1st_Panzer_Div.: undead is hard to look at
(04:16 / All) timG4strok: maybe if you play a real race,
(04:28 / Observers) BEAR_AND: LS
(04:29 / Observers) BEAR_AND: stole
(04:30 / Observers) BEAR_AND: kill
(04:32 / Observers) BEAR_AND: lmfao
(04:34 / Observers) bLinn: haha. LOL
(04:39 / Observers) BEAR_AND: yolks on him
(04:42 / All) 1st_Panzer_Div.: then I'd lose cause no imba duh
(04:49 / Observers) bLinn: crack an egg? what comes out? yolk.
(04:54 / Observers) BEAR_AND: put a egg in your shoe
(04:56 / Observers) BEAR_AND: & beat it!
(06:35 / Observers) bLinn: an extra nacolyte? for what purpose do i nacolyte
(06:42 / All) timG4strok: this map doesnt make sense god damn
(06:43 / Observers) iggy_the_fisk: a nacolyte
(06:47 / All) 1st_Panzer_Div.: no it doesn't
(06:50 / Observers) iggy_the_fisk: a nextraacolyte?
(07:18 / Observers) bLinn: if you need more vespene gas... you better build a nextractor
(07:36 / Observers) Mr.Wookums: would any of those islands be unreachable by seige
(07:38 / Observers) Mr.Wookums: for a farm hide?
(07:47 / Observers) BEAR_AND: yep
(07:54 / Observers) SethX: can u get rid of the trees?
(08:04 / Observers) BEAR_AND: can u play warcraft
(09:03 / All) 1st_Panzer_Div.: this map is a human map
(11:01 / Observers) BEAR_AND: they creeping
(11:02 / Observers) BEAR_AND: i sleeping
(12:50 / All) 1st_Panzer_Div.: too bad I'm so imba
(12:52 / Observers) SethX: go hero focus for the loss
(13:00 / Observers) SethX: it's not imba
(13:28 / Observers) SethX: also kinda base thats for multiplayer
(13:59 / All) timG4strok: see 
(14:08 / Observers) SethX: can I go against the ud now
(14:14 / All) 1st_Panzer_Div.: yup yup
(14:16 / Observers) bLinn: i'll watch it
(14:17 / Observers) BEAR_AND: if timg doesn't want re
(14:19 / Observers) BEAR_AND: then yes
(14:22 / All) 1st_Panzer_Div.: honestly want me to go some other race?
(14:35 / All) timG4strok: come back when you learn another race, we bump you up to "has basic understanding of how to play" level